 Dungeon Crawl Stone Soup version 0.29.0-4-gdea44cf6ec (webtiles) character file.

Game seed: 5140100560104756736

128 qw the Chopper (level 4, -3/39 HPs)
             Began as a Minotaur Fighter on Sept 5, 2022.
             Killed from afar by an orc wizard (6 damage)
             ... with a magic dart
             ... on level 2 of the Dungeon.
             The game lasted 00:00:53 (1892 turns).

qw the Chopper (Minotaur Fighter)                   Turns: 1892, Time: 00:00:54

Health: -3/39      AC:  6    Str: 23    XL:     4   Next: 87%
Magic:  3/3        EV: 10    Int:  5    God:
Gold:   104        SH:  4    Dex:  9    Spells: 3/3 levels left

rFire   . . .      SeeInvis .   Y - +0 war axe
rCold   . . .      Faith    .   c - +0 buckler
rNeg    . . .      Spirit   .   b - +0 scale mail
rPois   .          Reflect  .   (helmet restricted)
rElec   .          Harm     .   (no cloak)
rCorr   .          Rampage  .   (no gloves)
Will    .....                   (no boots)
Stlth   ..........              (no amulet)
HPRegen 0.13/turn               (no ring)
MPRegen 0.08/turn               (no ring)

@: no status effects
A: horns 2, retaliatory headbutt
a: no special abilities


You were on level 2 of the Dungeon.
You visited 1 branch of the dungeon, and saw 3 of its levels.

You collected 104 gold pieces.


Innate Abilities, Weirdness & Mutations

You have a pair of horns on your head.
You reflexively headbutt those who attack you in melee.


   Skills:
 - Level 3.6 Fighting
 + Level 5.0 Axes
 - Level 3.6 Armour
 - Level 3.0 Dodging
 - Level 3.6 Shields


You had 3 spell levels left.
You didn't know any spells.
Your spell library was empty.

Inventory:

Hand Weapons
 i - a +0 mace
 Y - a +0 war axe (weapon)
Missiles
 h - 2 boomerangs (quivered)
Armour
 b - a +0 scale mail (worn)
 c - a +0 buckler (worn)
Jewellery
 a - an amulet of faith
Scrolls
 f - a scroll of identify
 l - a scroll of vulnerability {unknown}
Potions
 d - 2 potions of might
 e - a potion of flight {unknown}
 g - a potion of attraction {unknown}
 j - a potion of resistance {unknown}
 k - a potion of degeneration {unknown}

Dungeon Overview and Level Annotations

Branches:
Dungeon (3/15)

Altars:

Shops:
D:3 [


Message History

Something hits you but does no damage.
You barely miss something. You block something's attack.
You miss something. Your headbutt misses something. Something hits you. x2
You closely miss something. Something hits you.
You miss something. Your headbutt misses something. Something hits you.
You miss something. Something hits you but does no damage.
You barely miss something. You headbutt something.
Something hits you but does no damage. x2
You closely miss something. Something hits you but does no damage.
You miss something. Something hits you but does no damage.
You completely miss something.
An orc wizard appears from thin air!
Reactivating autopickup.
The orc wizard barely misses you.
You hit the orc wizard. Your headbutt misses the orc wizard.
The orc wizard is heavily wounded.
The orc wizard hits you but does no damage.
You block the orc wizard's attack.
You barely miss the orc wizard.
The orc wizard is heavily wounded.
The orc wizard closely misses you.
You barely miss the orc wizard.
The orc wizard is heavily wounded.
The orc wizard barely misses you. You furiously retaliate!
You headbutt the orc wizard. You barely miss the orc wizard.
Your headbutt misses the orc wizard.
The orc wizard is heavily wounded.
The orc wizard hits you but does no damage.
You miss the orc wizard. Your headbutt misses the orc wizard.
The orc wizard is heavily wounded.
The orc wizard points at you and mumbles some strange words.
The magic dart hits you.
You die...

#.# #.......##.## #.#
#####..##...##.##
##.###...).......##...
#......###..#....#####
#..##..# #............
#.<##..# #.......#####
#......# #.###.#.#
#.###.## #.###.#.# #.#
#@# #.......# #.###o#
#####.### #.....# #.#
####### #.# ########
#.# #=.....# #.# #####
#.####.# #.# #.... #.#
#.# ##.###...# #.#
##.#####.........


You could see an orc wizard.

Vanquished Creatures
  A phantom (D:3)
  A dart slug (D:3)
  4 orcs (D:3)
  4 ball pythons
  6 bats
  4 endoplasms
  A giant cockroach (D:1)
  5 goblins
  4 hobgoblins (D:1)
  3 jackals (D:1)
  5 kobolds
  3 quokkas
  3 frilled lizards
  6 rats
50 creatures vanquished.

Vanquished Creatures (others)
  7 fungi (D:1)
  4 plants (D:1)
11 creatures vanquished.

Grand Total: 61 creatures vanquished

Notes
Turn   | Place    | Note
-------+----------+-------------------------------------------
     0 | D:1      | qw the Minotaur Fighter began the quest for the Orb.
     0 | D:1      | Reached XP level 1. HP: 19/19 MP: 0/0
     0 | D:1      | 0 ||| qw: Version: 0.1-a-104-g96f76f8
     0 | D:1      | 0 ||| qw: Game counter: 5945
     0 | D:1      | 0 ||| qw: Always use a shield: true
     0 | D:1      | 0 ||| qw: God list: Ru
     0 | D:1      | 0 ||| qw: Allow faded altars: false
     0 | D:1      | 0 ||| qw: Do Orc after D:15 true
     0 | D:1      | 0 ||| qw: Do second Lair branch before Depths: true
     0 | D:1      | 0 ||| qw: Lair rune preference: random
     0 | D:1      | 0 ||| qw: Plans: Normal
     0 | D:1      | 0 ||| PLANNING D:1-11
   134 | D:1      | Reached skill level 3 in Axes
   254 | D:1      | Reached XP level 2. HP: 26/26 MP: 1/1
   450 | D:1      | Found a faded altar of an unknown god.
   663 | D:1      | Reached skill level 4 in Axes
   775 | D:1      | Reached XP level 3. HP: 31/31 MP: 2/2
   876 | D:1      | 876 ||| DROPPING ring of magical power.
   877 | D:1      | 877 ||| READING scroll labelled YMYCIRU RAOGEG.
   880 | D:1      | 880 ||| READING scroll labelled XAESOH XAF XEE.
   881 | D:1      | 881 ||| READING scroll labelled MEECIO CITZEI.
   882 | D:1      | 882 ||| READING scroll labelled MINUAFR POFEOG.
  1191 | D:2      | 1191 ||| DROPPING +0 club.
  1689 | D:2      | 1689 ||| DROPPING ring of flight.
  1690 | D:2      | 1690 ||| READING 2 scrolls labelled ERUATZ EBUY.
  1691 | D:2      | 1691 ||| READING scroll labelled YPNAUD YMOERAU.
  1692 | D:2      | 1692 ||| READING scroll labelled FABICO JIGUDD.
  1733 | D:3      | Found Riorghi's Armour Boutique.
  1741 | D:3      | 1741 ||| SHOPLISTING +1 chain mail of fire resistance (214
                  | gold, have 96).
  1741 | D:3      | 1741 ||| SHOPLISTING +1 cloak (149 gold, have 96).
  1741 | D:3      | 1741 ||| SHOPLISTING +3 scale mail of fire resistance (338
                  | gold, have 96).
  1812 | D:3      | 1812 ||| Stepping ~*~*~tactically~*~*~ (stealth).
  1846 | D:3      | Noticed a phantom
  1847 | D:3      | 1847 ||| Stepping ~*~*~tactically~*~*~ (stealth).
  1848 | D:3      | 1848 ||| Stepping ~*~*~tactically~*~*~ (stealth).
  1851 | D:3      | 1851 ||| Stepping ~*~*~tactically~*~*~ (stealth).
  1853 | D:3      | 1853 ||| Stepping ~*~*~tactically~*~*~ (hiding).
  1854 | D:3      | 1854 ||| Stepping ~*~*~tactically~*~*~ (hiding).
  1856 | D:3      | Reached skill level 5 in Axes
  1859 | D:3      | Killed a phantom
  1860 | D:3      | Reached skill level 3 in Dodging
  1860 | D:3      | Reached XP level 4. HP: 26/39 MP: 3/3
  1862 | D:3      | 1862 ||| FLEEEEING.
  1866 | D:3      | 1866 ||| STAIRDANCE
  1870 | D:2      | HP: 9/39 [something (2)]
  1875 | D:2      | HP: 7/39 [something (1)]
  1880 | D:2      | HP: 7/39 [something (1)]
  1881 | D:2      | HP: 3/39 [something (3)]
  1882 | D:2      | HP: 1/39 [something (2)]
  1892 | D:2      | Killed from afar by an orc wizard

Levels and vault maps discovered:
D:1:      lemuel_arrival_room, layout_loops_ring,
          shapermc_ecumenical_altar_mp_urbaneastern
D:2:      layout_loops_corners, minmay_small_reverse_x
D:3:      layout_loops_cross, serial_shops, shop_fountains

Skill      XL: |  1  2  3 |
---------------+----------+-----
Axes           | 3 4 5 |  5.0
Dodging        | 3 |  3.0
Fighting       | |  3.6
Armour         | |  3.6
Shields        | |  3.6

Action                   |  1- 3 |  4- 6 || total
-------------------------+-------+-------++-------
Melee: War axe           |   113 |    20 ||   133
       Headbutt          |    12 |     1 ||    13
Throw: Boomerang         |     1 |       ||     1
  Use: Scroll            |     7 |       ||     7
Armor: Scale mail        |    52 |    15 ||    67
Dodge: Dodged            |    49 |     5 ||    54
Block: Buckler           |    23 |     4 ||    27

Table legend:
 A = Non-vault XP
 B = Vault XP
 C = Vault XP percentage of total XP
 D = Non-vault monster count
 E = Vault monster count
 F = Vault count percentage of total count
                 A         B        C        D         E       F
            +---------+---------+-------+---------+---------+-------
      Total |     177 |       7 |   3.8 |      46 |       4 |   8.0
            +---------+---------+-------+---------+---------+-------
        D:1 |      42 |       0 |   0.0 |      26 |       0 |   0.0
        D:2 |      14 |       7 |  33.3 |      11 |       4 |  26.7
        D:3 |     121 |       0 |   0.0 |       9 |       0 |   0.0
            +---------+---------+-------+---------+---------+-------
